 Dungeon Crawl Stone Soup version 0.23-b1-51-gfe822ef6ca (webtiles) character file.

Game seed: 4913387011980427244

176 Kisielow the Skirmisher (level 5, 34/34 HPs)
             Began as a Gargoyle Fighter on Feb 4, 2019.
             Got out of the dungeon alive.
             The game lasted 00:03:56 (2366 turns).

Kisielow the Skirmisher (Gargoyle Fighter)          Turns: 2366, Time: 00:03:56

Health: 34/34      AC: 11    Str: 20    XL:     5   Next: 56%
Magic:  5/5        EV:  7    Int:  9    God:
Gold:   95         SH:  9    Dex:  9    Spells: 4/4 levels left

rFire    . . .     SeeInvis .   a - +0 flail
rCold    . . .     Gourm    .   c - +0 shield
rNeg     + . .     Faith    .   b - +0 scale mail
rPois    ∞         Spirit   .   (no helmet)
rElec    +         Reflect  .   (no cloak)
rCorr    .         Harm     .   (no gloves)
MR       .....                  (no boots)
Stlth    ..........             (no amulet)
HPRegen  0.11/turn              (no ring)
MPRegen  0.09/turn              (no ring)

@: no status effects
A: negative energy resistance 1, electricity resistance, unbreathing,
petrification resistance, rot immunity, AC +4
a: no special abilities


You escaped.
You were hungry.

You visited 1 branch of the dungeon, and saw 3 of its levels.

You collected 95 gold pieces.

Inventory:

Hand Weapons
 a - a +0 flail (weapon)
Armour
 b - a +0 scale mail (worn)
 c - a +0 shield (worn)
Jewellery
 j - an uncursed amulet of rage {unknown}
 k - a cursed amulet of inaccuracy {unknown}
 l - a +4 ring of dexterity {unknown}
 m - an uncursed ring of protection from magic {unknown}
 r - an uncursed ring of fire {unknown}
Scrolls
 e - 2 scrolls of noise {unknown}
 i - a scroll of enchant armour {unknown}
 o - 2 scrolls of remove curse {unknown}
 q - a scroll of amnesia {unknown}
Potions
 d - 2 potions of might
 g - 3 potions of heal wounds {unknown}
 h - a potion of mutation {unknown}
 n - a potion of brilliance {unknown}
 p - a potion of agility {unknown}
 s - 3 potions of curing {unknown}
Comestibles
 f - 7 rations


   Skills:
 + Level 4.8 Fighting
 - Level 2.4 Maces & Flails
 + Level 4.4 Armour
 + Level 4.5 Shields


You had 4 spell levels left.
You didn't know any spells.
Your spell library contained the following spells:

 Spells                   Type           Power        Failure   Level  Hunger
 Corona                   Hex            #......      99%         1    ##.....
 Ensorcelled Hibernation  Hex/Ice        #.....       100%        2    ###....
 Confuse                  Hex            #.......     100%        3    ####...
 Dazzling Spray           Conj/Hex       #.....       100%        3    ####...
 Tukima's Dance           Hex            #.......     100%        3    ####...


Dungeon Overview and Level Annotations

Branches:
Dungeon (3/15)

Altars:
Uskayaw


Innate Abilities, Weirdness & Mutations

You are resistant to torment.
Your stone body is resilient. (AC +4)
You are immune to poison.
You resist negative energy. (rN+)
You are resistant to electric shocks. (rElec)
You can survive without breathing.
You are immune to petrification.
You are immune to rotting.


Message History

(D) Dungeon
Where to? (Enter - D:3, ? - help)
What level of the Dungeon? (default 1, ? - help)
There is an open door here.
You open the door.
There is an open door here.
There is a stone staircase leading up here.
You climb upwards.
There is a stone staircase leading down here.
You are feeling hungry.
(D) Dungeon
Where to? (Enter - D:1, ? - help)
There is a stone staircase leading up here.
You climb upwards.
There is a stone staircase leading down here.
There is a dry fountain here.
There is a fountain of clear blue water here.
There is a staircase leading out of the dungeon here.
Are you sure you want to leave the Dungeon?
This will make you lose the game!
You have escaped!

#.#..# #.#... #....# ### ###
#.#.)# .....# ##.### ###.##
#.#..# ##...###....###
###....###.#..#
###.##..⌠....#####....⌠..##.#..#
#.#..(..⌠....#....⌠.....#.#..#
#.#..⌠....⌠.....⌠....⌠..#.#..#
#.#.....................#.#..#
#.#######....@....#######.....
#..## ####...#### ##.)####
#####..## ##...## ##....# #
........## ##..⌠..## ##..##.###
#######..####.......####...#....)
#......##..⌠...⌠..##..#.######
#.##.#.#.....⌠.....#.##.......
#.##...###.......###.#########
#.#......####.####>...........


There were no monsters in sight!

Vanquished Creatures
  An ice beast (D:2)
  An adder (D:3)
  2 oozes
  A worm (D:3)
  2 dart slugs
  2 leopard geckos
  4 giant cockroaches
  6 goblins
  10 hobgoblins
  6 kobolds
  2 quokkas (D:3)
  6 bats
  A frilled lizard (D:2)
  9 rats
53 creatures vanquished.

Notes
Turn   | Place    | Note
-------+----------+-------------------------------------------
     0 | D:1      | Kisielow the Gargoyle Fighter began the quest for the Orb.
     0 | D:1      | Reached XP level 1. HP: 14/14 MP: 1/1
   203 | D:1      | Reached XP level 2. HP: 18/19 MP: 2/2
   900 | D:2      | Reached XP level 3. HP: 24/24 MP: 3/3
   916 | D:2      | Noticed a +0 dagger
   916 | D:2      | Noticed a +0 hand axe
   918 | D:2      | Found a hide-covered altar of Uskayaw.
  1114 | D:2      | Found a faded altar of an unknown god.
  1220 | D:2      | Noticed an ice beast
  1232 | D:2      | Killed an ice beast
  1232 | D:2      | Reached XP level 4. HP: 14/30 MP: 4/4
  1232 | D:2      | Reached XP level 5. HP: 16/34 MP: 5/5
  2366 | D:$      | Got out of the dungeon alive.

Skill      XL: |  1  2  3 |
---------------+----------+-----
Fighting       | 4 |  4.8
Armour         | 4 |  4.4
Shields        | 4 |  4.5
Maces & Flails | |  2.4

Action                   |  1- 3 |  4- 6 || total
-------------------------+-------+-------++-------
Melee: Flail             |   114 |   100 ||   214
  Eat: Ration            |       |     1 ||     1
       Chunk             |       |     1 ||     1
Armor: Scale mail        |    62 |    46 ||   108
Dodge: Dodged            |    41 |    28 ||    69
Block: Shield            |    51 |    67 ||   118
